 Dungeon Crawl Stone Soup version 0.31-a0-267-g3fc6992b3b (webtiles) character file.

Game seed: 10726260348774109475

5025 qw the Skirmisher (level 10, 0/88 HPs)
             Began as a Minotaur Hexslinger on July 14, 2023.
             Slain by a death yak (8 damage)
             ... on level 9 of the Dungeon.
             The game lasted 00:03:29 (8420 turns).

qw the Skirmisher (Minotaur Hexslinger)             Turns: 8420, Time: 00:03:29

Health: 0/88       AC:  6    Str: 14    XL:     10   Next: 30%
Magic:  10/10      EV: 22    Int: 16    God:
Gold:   376        SH:  5    Dex: 22    Spells: 10/11 levels left

rFire   . . .        Y - +0 orcbow
rCold   . . .        (shield currently unavailable)
rNeg    . . .        q - +0 robe of Amorality {Will+ Dex+6}
rPois   .            (helmet restricted)
rElec   .            k - +0 cloak
rCorr   .            j - +2 pair of gloves
SInv    .            (no boots)
Will    ++...        g - amulet of reflection
Stlth   ++           c - +5 ring of evasion
HPRegen 0.34/turn    e - ring "Omparad" {Will+ Int+6}
MPRegen 0.12/turn

%: reflection
@: about to teleport
A: horns 2, retaliatory headbutt
a: no special abilities


You were on level 9 of the Dungeon.
You visited 2 branches of the dungeon, and saw 10 of its levels.
You also visited: Sewer.

You collected 526 gold pieces.
You spent 150 gold pieces at shops.


Innate Abilities, Weirdness & Mutations

You have a pair of horns on your head.
You reflexively headbutt those who attack you in melee.


   Skills:
 + Level 8.1 Fighting
 - Level 13.1 Ranged Weapons
 - Level 2.6 Armour
 - Level 7.2 Dodging
 - Level 1.0 Spellcasting
 - Level 2.0 Hexes


You had 10 spell levels left.
You knew the following spells:

 Your Spells              Type           Power      Damage    Failure   Level
a - Slow                  Hex            28%        N/A       10%         1

Your spell library contained the following spells:

 Spells                   Type           Power      Damage    Failure   Level
 Inner Flame              Hex/Fire       4%         N/A       41%         3
 Portal Projectile        Hex/Tloc       8%         N/A       41%         3
 Cause Fear               Hex            3%         N/A       69%         4

Inventory:

Hand Weapons
 Y - a +0 orcbow (weapon)
Armour
 j - a +2 pair of gloves (worn)
 k - a +0 cloak (worn)
 o - a +2 leather armour of fire resistance
 q - the +0 robe of Amorality (worn) {Will+ Dex+6}
   (You found it on level 6 of the Dungeon)

   Dex:       It affects your dexterity (+6).
   Will:      It increases your willpower.
Jewellery
 c - a +5 ring of evasion (left hand)
 e - the ring "Omparad" (right hand) {Will+ Int+6}
   (You found it on level 8 of the Dungeon)

   [ring of intelligence]

   Int:       It affects your intelligence (+6).
   Will:      It increases your willpower.
 g - an amulet of reflection (around neck)
Wands
 m - a wand of digging (1)
Scrolls
 h - 4 scrolls of identify
 n - 2 scrolls of teleportation
Potions
 b - 2 potions of resistance
 d - 2 potions of cancellation
 f - 4 potions of curing
 i - a potion of might
 l - 2 potions of enlightenment

Dungeon Overview and Level Annotations

Branches:
Dungeon (9/15)             Temple (1/1) D:6           Sewer (visited)
   Lair: D:8-11         Orc: D:9-12

Altars:
Ashenzari
Cheibriados
Dithmenos
Elyvilon
Fedhas
Gozag
Hepliaklqana
Kikubaaqudgha
Makhleb
Nemelex Xobeh
Ru
Sif Muna
Trog
Uskayaw
Vehumet
Wu Jian
Xom
Yredelemnul
Zin
The Shining One

Shops:
D:4 ?   D:5 [

Annotations:
D:3 3 runed translucent doors, qw's ghost, amateur GrHs; qw's ghost, weakling GrHs
D:5 2 transporters
D:6 3 runed translucent doors, qw's ghost, novice GrHs


Message History

The death yak is heavily wounded.
You shoot an arrow. The arrow hits the death yak!
The death yak is severely wounded.
The death yak completely misses you.
You shoot an arrow. The arrow hits the death yak!
The death yak is almost dead.
The death yak misses you. You furiously retaliate!
You headbutt the death yak. You shoot an arrow. The arrow hits the death yak!
You kill the death yak!
Your Ranged Weapons skill increases to level 13!
You shoot an arrow. The arrow hits the yak!
The yak is moderately wounded.
The yak gores you!
You shoot an arrow. The arrow hits the yak!
The yak is heavily wounded.
The yak closely misses you.
You shoot an arrow. The arrow hits the yak.
The yak is heavily wounded.
You shoot an arrow. The arrow hits the yak.
The yak is severely wounded.
You shoot an arrow. The arrow hits the death yak.
The death yak is lightly wounded.
You shoot an arrow.
The arrow hits the death yak but does no damage.
The death yak is lightly wounded.
You block the death yak's attack.
You shoot an arrow. The arrow hits the death yak!
The death yak is lightly wounded.
The death yak gores you!
You shoot an arrow. The arrow hits the death yak!
The death yak is moderately wounded.
The death yak gores you!!
8419 ||| READING 3 scrolls of teleportation.
As you read the scroll of teleportation, it crumbles to dust.
You feel strangely unstable. The death yak gores you!
You shoot an arrow. The arrow hits the death yak!
The death yak is heavily wounded.
The death yak gores you!
You die... .... ..# oo# KY#

#Y#
#Y#
#Y#
#@#
#.#
#.#
#.#
#.#
#.#
#.#
#.#
#.#


You could see 2 death yaks, 2 yaks, an orc warrior, an orc and a kobold.

Vanquished Creatures
  A death yak (D:9)
  11 yaks (D:8)
  A steam dragon (D:8)
  2 water moccasins (D:7)
  An orc warrior (D:8)
  2 black bears
  2 centaurs
  3 ogres
  A phantom (D:6)
  2 kobold brigands
  4 scorpions
  5 bullfrogs
  A wight (D:7)
  A howler monkey (D:7)
  5 hounds
  9 orc priests
  A gnoll bouda (D:7)
  A jelly (D:5)
  A sleepcap (D:7)
  4 iguanas
  An orc wizard (D:7)
  Robin (D:3)
  13 adders
  3 river rats (D:3)
  An ufetubus (D:7)
  3 worms
  3 dart slugs
  20 orcs
  13 ball pythons
  2 bats (D:1)
  11 endoplasms
  9 giant cockroaches
  17 goblins
  12 hobgoblins
  3 jackals (D:3)
  8 quokkas
  8 frilled lizards
  16 kobolds
  16 rats
218 creatures vanquished.

Vanquished Creatures (others)
  A kobold brigand (D:8)
1 creature vanquished.

Grand Total: 219 creatures vanquished

Notes
Turn   | Place    | Note
-------+----------+-------------------------------------------
     0 | D:1      | qw the Minotaur Hexslinger began the quest for the Orb.
     0 | D:1      | Reached XP level 1. HP: 16/16 MP: 1/1
     0 | D:1      | 0 ||| qw: Version: 0.3-a-52-g30416fa
     0 | D:1      | 0 ||| qw: Game counter: 7855
     0 | D:1      | 0 ||| qw: Melee chars always use a shield: true
     0 | D:1      | 0 ||| qw: God list: Okawaru
     0 | D:1      | 0 ||| qw: Allow faded altars: false
     0 | D:1      | 0 ||| qw: Do Orc after clearing Dungeon:15 true
     0 | D:1      | 0 ||| qw: Do second Lair branch before Depths: true
     0 | D:1      | 0 ||| qw: Lair rune preference: random
     0 | D:1      | 0 ||| qw: Goals: Normal
     0 | D:1      | 0 ||| PLANNING D:1-11
    84 | D:1      | Reached skill level 3 in Ranged Weapons
    93 | D:1      | Found a faded altar of an unknown god.
   113 | D:1      | Reached XP level 2. HP: 23/23 MP: 2/2
   199 | D:1      | 199 ||| FLEEEEING.
   202 | D:1      | 202 ||| FLEEEEING.
   203 | D:1      | 203 ||| FLEEEEING.
   204 | D:1      | 204 ||| FLEEEEING.
   205 | D:1      | 205 ||| FLEEEEING.
   238 | D:1      | 238 ||| READING scroll labelled XEEKHLORAIDD.
   239 | D:1      | 239 ||| READING scroll labelled KURCHY EHU MEMI.
   240 | D:1      | 240 ||| DROPPING scroll of poison.
   278 | D:1      | 278 ||| Stepping ~*~*~tactically~*~*~ (water).
   298 | D:1      | 298 ||| UPGRADING to +0 ring mail.
   308 | D:1      | 308 ||| Stepping ~*~*~tactically~*~*~ (water).
   310 | D:1      | 310 ||| DROPPING +0 robe.
   503 | D:1      | 503 ||| UPGRADING to +5 ring of evasion.
   744 | D:1      | 744 ||| DROPPING amulet of magic regeneration.
   745 | D:1      | 745 ||| READING scroll labelled CITOFOLYSCH.
   887 | D:2      | Reached XP level 3. HP: 29/29 MP: 3/3
  1117 | D:2      | Reached skill level 4 in Ranged Weapons
  1227 | D:2      | Reached skill level 1 in Armour
  1352 | D:2      | Reached XP level 4. HP: 36/36 MP: 4/4
  1935 | D:2      | 1935 ||| UPGRADING to +0 pair of gloves.
  1940 | D:2      | 1940 ||| UPGRADING to amulet of reflection.
  1945 | D:2      | 1945 ||| DROPPING ring of magical power.
  1946 | D:2      | 1946 ||| DROPPING ring of flight.
  1947 | D:2      | 1947 ||| READING scroll labelled DYNNADUOJYSA.
  1948 | D:2      | 1948 ||| READING scroll labelled KAALOQ NYMEB.
  1949 | D:2      | 1949 ||| READING scroll labelled VIKAYG RUSKO.
  1950 | D:2      | 1950 ||| READING scroll labelled CUJILI HYMARCH.
  2012 | D:2      | 2012 ||| READING 2 scrolls of identify.
  2012 | D:2      | 2012 ||| IDENTIFYING green potion
  2027 | D:3      | 2027 ||| PLANNING SEWER
  2210 | D:3      | Found a runed translucent gate.
  2210 | D:3      | Found a runed translucent gate.
  2210 | D:3      | Found a runed translucent gate.
  2237 | D:3      | Noticed qw's ghost (amateur GrHs)
  2237 | D:3      | Noticed qw's ghost (weakling GrHs)
  2407 | D:3      | Reached skill level 5 in Ranged Weapons
  2413 | D:3      | Found a glowing drain.
  2414 | D:3      | 2414 ||| Stepping ~*~*~tactically~*~*~ (water).
  2449 | D:3      | 2449 ||| READING 2 scrolls of identify.
  2449 | D:3      | 2449 ||| IDENTIFYING fizzy grey potion
  2455 | Sewer    | Entered a sewer
  2496 | Sewer    | Reached XP level 5. HP: 42/42 MP: 5/5
  2527 | Sewer    | 2527 ||| Stepping ~*~*~tactically~*~*~ (water).
  2550 | Sewer    | 2550 ||| Stepping ~*~*~tactically~*~*~ (water).
  2558 | Sewer    | 2558 ||| Stepping ~*~*~tactically~*~*~ (water).
  2565 | Sewer    | Reached skill level 3 in Fighting
  2636 | Sewer    | 2636 ||| Stepping ~*~*~tactically~*~*~ (water).
  2645 | Sewer    | Reached skill level 6 in Ranged Weapons
  2649 | Sewer    | Reached XP level 6. HP: 46/52 MP: 6/6
  2687 | Sewer    | 2687 ||| Stepping ~*~*~tactically~*~*~ (water).
  2710 | Sewer    | 2710 ||| READING 3 scrolls of enchant weapon.
  2710 | Sewer    | 2710 ||| ENCHANTING +2 sling of flaming.
  2711 | Sewer    | 2711 ||| READING 2 scrolls of enchant weapon.
  2711 | Sewer    | 2711 ||| ENCHANTING +3 sling of flaming.
  2712 | Sewer    | 2712 ||| READING scroll of enchant weapon.
  2712 | Sewer    | 2712 ||| ENCHANTING +4 sling of flaming.
  2905 | Sewer    | 2905 ||| DRINKING 2 viscous brown potions.
  2906 | Sewer    | 2906 ||| DRINKING 3 glowing silvery potions.
  2926 | D:3      | 2926 ||| PLANNING D:1-11
  3000 | D:3      | Found an ornate altar of the Wu Jian Council.
  3006 | D:3      | Found a hazy altar of Hepliaklqana.
  3006 | D:3      | Found a hide-covered altar of Uskayaw.
  3006 | D:3      | Found a shimmering altar of Xom.
  3011 | D:3      | Found a shimmering blue altar of Sif Muna.
  3237 | D:3      | Noticed Robin
  3238 | D:3      | 3238 ||| Stepping ~*~*~tactically~*~*~ (outnumbered).
  3260 | D:3      | Killed Robin
  3281 | D:3      | 3281 ||| READING scroll of brand weapon.
  3281 | D:3      | 3281 ||| BRANDING +5 sling of flaming.
  3472 | D:3      | 3472 ||| READING scroll labelled IMAYNW JECOCU.
  3521 | D:3      | 3521 ||| READING scroll labelled JIREURGHIAJA.
  3683 | D:4      | Found an opulent altar of Gozag.
  3850 | D:4      | Reached skill level 7 in Ranged Weapons
  3877 | D:4      | Reached XP level 7. HP: 44/59 MP: 7/7
  4033 | D:4      | Found a shadowy altar of Dithmenos.
  4117 | D:4      | Found a blossoming altar of Fedhas.
  4230 | D:4      | Found a glowing silver altar of Zin.
  4233 | D:4      | Found a white marble altar of Elyvilon.
  4235 | D:4      | Found a glowing golden altar of the Shining One.
  4285 | D:4      | Found Xaoklale's Magic Scroll Emporium.
  4289 | D:4      | 4289 ||| BUYING scroll of enchant armour (90 gold).
  4289 | D:4      | Bought a scroll of enchant armour for 90 gold pieces
  4289 | D:4      | 4289 ||| BUYING scroll of identify (24 gold).
  4289 | D:4      | Bought a scroll of identify for 24 gold pieces
  4289 | D:4      | 4289 ||| BUYING scroll of teleportation (36 gold).
  4289 | D:4      | Bought a scroll of teleportation for 36 gold pieces
  4289 | D:4      | 4289 ||| READING scroll of enchant armour.
  4289 | D:4      | 4289 ||| ENCHANTING +0 pair of gloves.
  4290 | D:4      | 4290 ||| UPGRADING to +0 cloak.
  4295 | D:4      | 4295 ||| READING 2 scrolls of identify.
  4295 | D:4      | 4295 ||| IDENTIFYING viscous orange potion
  4370 | D:5      | Entered Level 5 of the Dungeon
  4397 | D:5      | Reached skill level 8 in Ranged Weapons
  4490 | D:5      | 4490 ||| READING scroll of enchant armour.
  4490 | D:5      | 4490 ||| ENCHANTING +1 pair of gloves.
  4561 | D:5      | Found a transporter.
  4561 | D:5      | Noticed a wyvern
  4563 | D:5      | Found a transporter.
  4569 | D:5      | Noticed a yak
  4599 | D:5      | Reached skill level 9 in Ranged Weapons
  4599 | D:5      | Reached XP level 8. HP: 68/68 MP: 8/8
  4603 | D:5      | Found an ancient bone altar of Kikubaaqudgha.
  4938 | D:5      | Found Werghaock's Antique Armour Emporium.
  5014 | D:5      | 5014 ||| READING 2 scrolls of identify.
  5014 | D:5      | 5014 ||| IDENTIFYING glowing amethyst potion
  5066 | D:6      | Reached skill level 6 in Fighting
  5092 | D:6      | Reached skill level 3 in Dodging
  5245 | D:6      | 5245 ||| Stepping ~*~*~tactically~*~*~ (outnumbered).
  5251 | D:6      | Reached skill level 10 in Ranged Weapons
  5322 | D:6      | Identified the +0 robe of Amorality {Will+ Dex+6}
  5335 | D:6      | Found a runed translucent gate.
  5335 | D:6      | Found a runed translucent gate.
  5335 | D:6      | Found a runed translucent gate.
  5338 | D:6      | Found an opulent altar of Gozag.
  5340 | D:6      | Found a staircase to the Ecumenical Temple.
  5341 | D:6      | 5341 ||| PLANNING TEMPLE
  5341 | D:6      | 5341 ||| UPGRADING to +0 robe of Amorality {Will+ Dex+6}.
  5351 | D:6      | 5351 ||| DROPPING +0 ring mail.
  5352 | D:6      | 5352 ||| READING scroll labelled ORGHO CETYJIQIE.
  5361 | Temple   | Entered the Ecumenical Temple
  5395 | Temple   | 5395 ||| PLANNING D:1-11
  5507 | D:6      | Noticed qw's ghost (novice GrHs)
  5664 | D:6      | 5664 ||| READING scroll labelled VOMASCH FICSI.
  5665 | D:6      | 5665 ||| READING 3 scrolls of identify.
  5665 | D:6      | 5665 ||| IDENTIFYING fuming red potion
  5666 | D:6      | 5666 ||| DROPPING potion of lignification.
  5710 | D:7      | 5710 ||| STAIRDANCE
  5840 | D:7      | 5840 ||| STAIRDANCE
  5941 | D:7      | 5941 ||| STAIRDANCE
  6057 | D:7      | Identified the +6 plate armour of Zuihiogh {rF+}
  6294 | D:7      | Reached XP level 9. HP: 67/79 MP: 9/9
  6294 | D:7      | 6294 ||| FLEEEEING.
  6295 | D:7      | 6295 ||| FLEEEEING.
  6296 | D:7      | 6296 ||| FLEEEEING.
  6297 | D:7      | 6297 ||| FLEEEEING.
  6298 | D:7      | 6298 ||| FLEEEEING.
  6299 | D:7      | 6299 ||| FLEEEEING.
  6300 | D:7      | 6300 ||| FLEEEEING.
  6301 | D:7      | 6301 ||| FLEEEEING.
  6302 | D:7      | 6302 ||| FLEEEEING.
  6306 | D:7      | 6306 ||| FLEEEEING.
  6307 | D:7      | 6307 ||| FLEEEEING.
  6308 | D:7      | 6308 ||| FLEEEEING.
  6313 | D:7      | 6313 ||| FLEEEEING.
  6314 | D:7      | 6314 ||| FLEEEEING.
  6315 | D:7      | 6315 ||| FLEEEEING.
  6316 | D:7      | 6316 ||| FLEEEEING.
  6317 | D:7      | 6317 ||| FLEEEEING.
  6318 | D:7      | 6318 ||| FLEEEEING.
  6319 | D:7      | 6319 ||| FLEEEEING.
  6361 | D:7      | 6361 ||| FLEEEEING.
  6394 | D:7      | 6394 ||| Invisibility monster not found???
  6519 | D:7      | 6519 ||| SWAPPING to +0 orcbow.
  6520 | D:7      | 6520 ||| DROPPING +5 sling of draining.
  6689 | D:7      | 6689 ||| Stepping ~*~*~tactically~*~*~ (outnumbered).
  7098 | D:7      | 7098 ||| READING scroll labelled YFEXETZUGICW.
  7099 | D:7      | 7099 ||| DRINKING 2 silvery potions.
  7100 | D:7      | 7100 ||| DROPPING potion of degeneration.
  7254 | D:8      | Found a radiant altar of Vehumet.
  7254 | D:8      | Found a bloodstained altar of Trog.
  7288 | D:8      | 7288 ||| Stepping ~*~*~tactically~*~*~ (outnumbered).
  7467 | D:8      | Reached skill level 11 in Ranged Weapons
  7495 | D:8      | Reached skill level 6 in Dodging
  7498 | D:8      | HP: 11/79 [yak (15)]
  7499 | D:8      | 7499 ||| READING 4 scrolls of teleportation.
  7499 | D:8      | HP: 1/79 [yak (10)]
  7500 | D:8      | 7500 ||| DRINKING 2 potions of heal wounds.
  7503 | D:8      | 7503 ||| DRINKING potion of heal wounds.
  7680 | D:8      | Reached skill level 12 in Ranged Weapons
  7876 | D:8      | Identified the ring "Omparad" {Will+ Int+6}
  7915 | D:8      | Reached XP level 10. HP: 55/88 MP: 10/10
  7929 | D:8      | HP: 15/88 [yak (15)]
  7930 | D:8      | 7930 ||| READING 3 scrolls of teleportation.
  8347 | D:8      | 8347 ||| UPGRADING to ring "Omparad" {Will+ Int+6}.
  8348 | D:8      | 8348 ||| READING scroll labelled KOPULEUCKA.
  8385 | D:9      | Noticed a death yak
  8393 | D:9      | Noticed a death yak
  8396 | D:9      | Noticed a death yak
  8410 | D:9      | Killed a death yak
  8411 | D:9      | Reached skill level 13 in Ranged Weapons
  8418 | D:9      | HP: 20/88 [death yak (19)]
  8419 | D:9      | 8419 ||| READING 3 scrolls of teleportation.
  8419 | D:9      | HP: 7/88 [death yak (13)]
  8420 | D:9      | Slain by a death yak

Levels and vault maps discovered:
D:1:      saegor_arrival_miasma, layout_loops_ring, serial_bayou,
          serial_bayou_crossing, serial_bayou_lagoon_b, serial_bayou_lagoon_a,
          serial_bayou_shore_b, basic_ecumenical_altar
D:2:      minmay_thinvault, layout_basic
D:3:      kennysheep_goblin_castle, layout_basic, minitemple,
          portal_sewer_entry_e, gammafunk_ghost_cemetery, minmay_splitting_lines
D:4:      layout_basic, good_gods_temple_1, lemuel_coloured_pillars_altar,
          lemuel_doored_altar, nicolae_gozag_cash_rules_everything_around_me,
          serial_shops, nicolae_shop_back_alley_shop,
          minmay_a_box_with_orc_wizards_in_it
D:5:      layout_loops_ring, gammafunk_temple_overflow_arena, serial_shops,
          shop, grunt_ministairs_1
D:6:      layout_basic, minmay_temple_entry_antechambers, ebering_ghost_gozag,
          hangedman_abyss_or_decor_slice
D:7:      kb_forest_paths, layout_basic, amcnicky_mini_pool_small
D:8:      layout_loops_ring, gammafunk_temple_overflow_pools
D:9:      layout_small_grid, nicolae_qazlal_eye_of_the_storm, marbit_many_paths,
          dpeg_lair_monsters
Temple:   nicolae_temple_ecumenical_triangle

Skill      XL: |  1  2  3  4  5  6  7  8  9 10 |
---------------+-------------------------------+-----
Ranged Weapons | 3 4 5 6 7 9 10 12 13 | 13.1
Fighting       | 2 4 5 7 8 |  8.1
Armour         | 1 2 |  2.6
Dodging        | 5 6 7 |  7.2
Spellcasting   | |  1.0
Hexes          | |  2.0

Action                     |  1- 3 |  4- 6 |  7- 9 | 10-12 || total
---------------------------+-------+-------+-------+-------++-------
   Fire: Sling             |    96 |   214 |   200 |       ||   510
         Orcbow            |       |       |   191 |    57 ||   248
    Use: Scroll            |     3 |    12 |     9 |     3 ||    27
         Potion            |       |     2 |     3 |       ||     5
 Armour: Robe              |     2 |       |    12 |     2 ||    16
         Ring mail         |     1 |    22 |     9 |       ||    32
  Dodge: Dodged            |    37 |    79 |   139 |    26 ||   281
  Block: Other             |       |    22 |    37 |     6 ||    65
         Reflection        |       |     4 |     5 |     1 ||    10

Table legend:
 A = Non-vault XP
 B = Vault XP
 C = Vault XP percentage of total XP
 D = Non-vault monster count
 E = Vault monster count
 F = Vault count percentage of total count
                 A         B        C        D         E       F
            +---------+---------+-------+---------+---------+-------
      Total |    5503 |    1676 |  23.3 |     140 |      79 |  36.1
            +---------+---------+-------+---------+---------+-------
        D:1 |      36 |       0 |   0.0 |      20 |       0 |   0.0
        D:2 |      52 |      46 |  46.9 |      17 |      16 |  48.5
        D:3 |      33 |      95 |  74.2 |       9 |      28 |  75.7
        D:4 |     381 |       0 |   0.0 |      18 |       0 |   0.0
        D:5 |     634 |     101 |  13.7 |      11 |       2 |  15.4
        D:6 |     576 |       0 |   0.0 |      15 |       0 |   0.0
        D:7 |     654 |     381 |  36.8 |      10 |       6 |  37.5
        D:8 |    2923 |       0 |   0.0 |      34 |       0 |   0.0
        D:9 |     214 |     793 |  78.7 |       6 |       1 |  14.3
      Sewer |       0 |     260 | 100.0 |       0 |      26 | 100.0
            +---------+---------+-------+---------+---------+-------
